 Dungeon Crawl Stone Soup version 0.23-a0-290-g290e36d (webtiles) character file.

4906 digijack the Covert (level 10, -2/55 (56) HPs)
             Began as an Octopode Venom Mage on Oct 1, 2018.
             Was an Initiate of Nemelex Xobeh.
             Shot with an arrow by a centaur (4 damage)
             ... on level 8 of the Dungeon on Oct 3, 2018.
             The game lasted 01:16:44 (11544 turns).

digijack the Covert (Octopode Venom Mage)          Turns: 11544, Time: 01:16:45

HP:   -2/55 (56)    AC:  7    Str:  7    XL:     10   Next: 51%
MP:   2/18          EV: 17    Int: 20    God:    Nemelex Xobeh [......]
Gold: 577           SH:  0    Dex: 14    Spells: 2/20 levels left

rFire    . . .     SeeInvis .   c - +5 quarterstaff (chaos)
rCold    . . .     Gourm    .   (shield currently unavailable)
rNeg     . . .     Faith    .   (helmet restricted)
rPois    .         Spirit   .   (no amulet)
rElec    .         Reflect  .   e - ring of resist corrosion
rCorr    +         Harm     .   g - +3 ring of protection
MR       +....                  a - ring of wizardry
Stlth    +++++.....             p - ring of protection from magic
HPRegen  0.18/turn              x - ring of wizardry
MPRegen  0.16/turn              A - +3 ring of protection
                                (no ring)
                                (no ring)

@: very slightly contaminated
A: almost no armour, stealthy swim, amphibious, 8 rings, constrict 8, camouflage
1, gelatinous body 1
a: Renounce Religion


You were on level 8 of the Dungeon.
You worshipped Nemelex Xobeh.
Nemelex Xobeh was noncommittal.
You were not hungry.

You visited 2 branches of the dungeon, and saw 9 of its levels.

You collected 577 gold pieces.

Inventory:

Hand Weapons
 c - a +5 quarterstaff of chaos (weapon)
Missiles
 d - 302 stones
 B - 2 javelins (quivered)
Jewellery
 a - a ring of wizardry (on tentacle)
 e - a ring of resist corrosion (left tentacle)
 g - a +3 ring of protection (right tentacle)
 p - a ring of protection from magic (on tentacle)
 x - a ring of wizardry (on tentacle)
 A - a +3 ring of protection (on tentacle)
Wands
 l - a wand of iceblast (10)
 o - a wand of polymorph (10)
 q - a wand of clouds (5)
 w - a wand of acid (6)
 y - a wand of digging (17)
Scrolls
 f - 8 scrolls of remove curse
 j - a scroll of magic mapping
 n - 4 scrolls of amnesia
 r - a scroll of enchant armour
 t - a scroll of fog
 v - a scroll of blinking
Potions
 h - a potion of mutation
 m - a potion of resistance
 s - a potion of agility
 u - a potion of flight
 z - 3 potions of haste
Miscellaneous
 i - a plain deck of escape
Comestibles
 b - 9 rations
 k - 2 chunks of flesh


   Skills:
 + Level 5.2 Staves
 + Level 6.3 Dodging
 + Level 8.8 Stealth
 - Level 0.5 Unarmed Combat
 + Level 5.9 Spellcasting
 + Level 6.0 Conjurations
 - Level 3.2 Air Magic
 + Level 8.1 Poison Magic
 + Level 2.5 Invocations


You had 2 spell levels left.
You knew the following spells:

 Your Spells              Type           Power        Failure   Level  Hunger
a - Sting                 Conj/Pois      ####         1%          1    None
b - Magic Dart            Conj           ####         1%          1    None
c - Mephitic Cloud        Conj/Pois/Air  ####....     1%          3    ##.....
d - Olgreb's Toxic Radia  Pois           #####...     1%          4    ####...
e - Venom Bolt            Conj/Pois      ####......   4%          5    #####..
f - Fulminant Prism       Conj/Hex       ###.......   9%          4    ####...

Your spell library contained the following spells:

 Spells                   Type           Power        Failure   Level  Hunger
 Poisonous Vapours        Pois/Air       ####..       1%          2    None
 Searing Ray              Conj           ####..       1%          2    None
 Dazzling Spray           Conj/Hex       ###...       2%          3    ##.....
 Iskenderun's Mystic Bla  Conj           ####....     2%          4    ####...
 Force Lance              Conj/Tloc      ###.....     9%          4    ####...


Dungeon Overview and Level Annotations

Branches:
Dungeon (8/15)             Temple (1/1) D:7
   Lair: D:8-11

Altars:
Ashenzari
Cheibriados
Gozag
Hepliaklqana
Kikubaaqudgha
Makhleb
Nemelex Xobeh
Ru
Uskayaw
Yredelemnul
Zin

Annotations:
D:6 2 transporters, jjdj's ghost, novice DsMo


Innate Abilities, Weirdness & Mutations

You cannot wear most types of armour.
You are very stealthy in the water. (Stealth+)
You are amphibious.
You can wear up to eight rings at the same time.
You can use your tentacles to constrict eight enemies at once.
Your skin changes colour to match your surroundings (Stealth+).
Your rubbery body absorbs attacks. (AC +1, EV +1)


Message History

Press: ? - help, Shift-Dir - straight line, f/p - centaur
Aim: a centaur, wielding a shortbow (lightly wounded)
The sting hits the centaur.
The centaur is poisoned.
The centaur is moderately wounded.
The centaur shoots an arrow.
The arrow hits you.
* * * LOW HITPOINT WARNING * * *
Okay, then.
Blink to where?
Press: ? - help, Dir - move target cursor, p - centaur You are very lightly contaminated with residual magic.
As you read the scroll of blinking, it crumbles to dust.
You see here a crocodile corpse.
The centaur shoots an arrow.
The arrow barely misses you.
The centaur shoots an arrow.
The arrow completely misses you.
The centaur shoots an arrow.
The arrow hits you.
* * * LOW HITPOINT WARNING * * *
You see here an arrow.
The centaur shoots an arrow.
The arrow hits you.
You die...
Your body disappears without a glow.

##.............).##...##.##..####
#...<#........#.................
#.....................[........<
##########.........###.(...c.#[#
#......##### ##..#.#.... ####
#......# #..(..(..[ ...##
#......# #......!..
....######......##### #...(.....
.....##.........@(..####...)...#.
.....##.###....####...†c(....[...
........###..........###.........
.......÷.......####### #.......#.
....#######....# #.......##
.....# ###### ######### .....#
.....# ....##


You could see a centaur.

Vanquished Creatures
  Pikel (D:6)
  2 hippogriffs
  Sigmund (D:4)
  A yak (D:6)
  Edmund (D:6)
  A water moccasin (D:7)
  An ice beast (D:7)
  4 slaves (D:6)
  A phantom (D:5)
  4 sky beasts
  An eye of draining (D:6)
  A necrophage (D:7)
  3 ogres
  3 centaurs
  A crocodile (D:8)
  4 bullfrogs (D:6)
  A gnoll sergeant (D:7)
  3 scorpions
  4 killer bees
  An electric eel (D:6)
  4 howler monkeys
  3 crimson imps
  3 bullfrog zombies
  2 hounds
  3 jellies
  A centaur skeleton (D:7)
  A gnoll shaman (D:7)
  3 orc priests
  Crazy Yiuf (D:2)
  2 iguanas
  Natasha (thrice) (D:4)
  11 orc wizards
  5 worker ants
  A hound zombie (D:6)
  A hound skeleton (D:4)
  A worker ant zombie (D:5)
  13 gnolls
  13 adders
  2 shadow imps
  2 adder zombies
  3 adder skeletons
  3 worms
  2 dart slugs
  7 leopard geckos
  29 orcs
  7 bats
  4 giant cockroaches
  9 goblins
  5 hobgoblins
  8 jackals
  5 kobolds
  2 quokkas (D:5)
  3 ball pythons
  A ball python skeleton (D:4)
  11 frilled lizards
  A leopard gecko skeleton (D:7)
  5 rats
  A fungus (D:2)
220 creatures vanquished.

Vanquished Creatures (others)
  An orc (D:8)
  A giant cockroach (D:6)
  A fulminant prism (D:8)
3 creatures vanquished.

Grand Total: 223 creatures vanquished

Notes
Turn   | Place    | Note
-------+----------+-------------------------------------------
     0 | D:1      | digijack the Octopode Venom Mage began the quest for the
                  | Orb.
     0 | D:1      | Reached XP level 1. HP: 11/11 MP: 3/3
   174 | D:1      | Reached XP level 2. HP: 14/17 MP: 1/5
  1506 | D:2      | Reached XP level 3. HP: 21/21 MP: 0/6
  1675 | D:2      | Learned a level 3 spell: Mephitic Cloud
  2236 | D:2      | Found a runed door.
  2240 | D:2      | Noticed Crazy Yiuf
  2246 | D:2      | Killed Crazy Yiuf
  2246 | D:2      | Reached skill level 1 in Air Magic
  2246 | D:2      | Reached XP level 4. HP: 27/27 MP: 0/7
  2890 | D:3      | Reached XP level 5. HP: 31/31 MP: 2/8
  2948 | D:3      | Learned a level 4 spell: Olgreb's Toxic Radiance
  3772 | D:4      | Reached XP level 6. HP: 21/36 MP: 0/10
  4248 | D:4      | Found a shattered altar of Ashenzari.
  4330 | D:4      | Noticed Sigmund
  4350 | D:4      | Killed Sigmund
  4350 | D:4      | Reached XP level 7. HP: 41/41 MP: 2/11
  4635 | D:4      | You fall through a shaft for 3 floors!
  4672 | D:7      | Got a warped trident
  4675 | D:7      | Identified the +8 trident of the Unkillable {pierce, +Fly}
                  | (You found it on level 7 of the Dungeon)
  4697 | D:7      | Reached skill level 5 in Stealth
  4697 | D:7      | Reached skill level 5 in Poison Magic
  4993 | D:7      | Reached skill level 1 in Staves
  5087 | D:7      | Reached XP level 8. HP: 7/46 MP: 6/13
  5538 | D:6      | Noticed a yak
  5556 | D:6      | Noticed Pikel
  5835 | D:5      | Entered Level 5 of the Dungeon
  6264 | D:5      | Learned a level 5 spell: Venom Bolt
  6931 | D:4      | Noticed Natasha
  6940 | D:4      | Killed Natasha
  7049 | D:4      | Noticed Natasha
  7057 | D:4      | Killed Natasha
  7070 | D:4      | Noticed Natasha
  7076 | D:4      | Killed Natasha
  7245 | D:6      | Noticed jjdj's ghost (novice DsMo)
  7261 | D:6      | Noticed a death knight
  7276 | D:6      | Reached XP level 9. HP: 49/51 MP: 4/15
  7330 | D:6      | Reached skill level 5 in Dodging
  7868 | D:6      | Reached skill level 5 in Conjurations
  8418 | D:6      | Found a transporter.
  8418 | D:6      | Found a transporter.
  8438 | D:6      | Reached skill level 5 in Spellcasting
  8782 | D:6      | Killed Pikel
  8837 | D:6      | Noticed Edmund
  8848 | D:6      | Killed Edmund
  9009 | D:6      | Reached XP level 10. HP: 56/56 MP: 15/18
  9158 | D:7      | Found a staircase to the Ecumenical Temple.
  9166 | Temple   | Entered the Ecumenical Temple
  9194 | Temple   | Became a worshipper of Nemelex Xobeh the Trickster
  9291 | D:7      | Received a gift from Nemelex Xobeh
  9526 | D:7      | Reached skill level 1 in Invocations
  9923 | D:7      | Reached skill level 5 in Staves
  9948 | D:7      | Learned a level 1 spell: Magic Dart
  9953 | D:7      | Learned a level 4 spell: Fulminant Prism
 11250 | D:7      | Upgraded the game from 0.23-a0-270-gab6feb3 to
                  | 0.23-a0-290-g290e36d
 11543 | D:8      | HP: 2/55 [centaur/arrow (5)]
 11544 | D:8      | Shot with an arrow by a centaur

Vault maps used:
D:1:      ncdulo_lavacross, minmay_stone_trees_small
D:2:      first_ration, minmay_lizard_pond, uniq_crazy_yiuf_cottage
D:3:      serial_glass, glass_columns_b, glass_columns_a, glass_columns_b,
          glass_columns_a, glass_columns_b, glass_columns_a
D:4:      lemuel_upstairs_altar, cheibrodos_ashenzari_chains, uniq_sigmund,
          uniq_natasha
D:6:      cheibrodos_fzero, gammafunk_ghost_arena, fountainhead, uniq_pikel,
          uniq_edmund
D:7:      minmay_temple_entry_junction_2
D:8:      gammafunk_temple_overflow_statue, david_lair_shrubbed, enter_bailey_3,
          nicolae_ossuary_entry_giza
Temple:   regret_index_temple_mists

Skill      XL: |  1  2  3  4  5  6  7  8  9 10 |
---------------+-------------------------------+-----
Stealth        | 3 4 5 6 8 |  8.8
Poison Magic   | 4 5 6 7 8 |  8.1
Air Magic      | 1 2 3 |  3.2
Conjurations   | 2 3 4 5 6 |  6.0
Dodging        | 3 4 5 6 |  6.3
Spellcasting   | 3 4 5 |  5.9
Staves         | 1 3 4 5 |  5.2
Invocations    | 2 |  2.5
Unarmed Combat | |  0.5

Action                   |  1- 3 |  4- 6 |  7- 9 | 10-12 || total
-------------------------+-------+-------+-------+-------++-------
Melee: Unarmed           |    35 |       |       |       ||    35
       Constrict         |    12 |    10 |    34 |    17 ||    73
       Tentacles         |     4 |     5 |    20 |    11 ||    40
       Quarterstaff      |       |    47 |   187 |    70 ||   304
       Trident           |       |       |     9 |       ||     9
       Punch             |       |       |     1 |       ||     1
 Cast: Sting             |    64 |   114 |   117 |    98 ||   393
       Mephitic Cloud    |     2 |     2 |     1 |     2 ||     7
       Olgreb's Toxic Ra |       |     1 |     6 |     5 ||    12
       Venom Bolt        |       |       |     6 |     7 ||    13
       Magic Dart        |       |       |       |     6 ||     6
       Fulminant Prism   |       |       |       |     1 ||     1
  Use: Scroll            |     7 |     4 |     8 |     1 ||    20
       Potion            |       |       |     3 |     1 ||     4
 Stab: Sleeping          |       |       |     7 |       ||     7
       Confused          |       |       |     3 |       ||     3
       Petrified         |       |       |     2 |       ||     2
       Petrifying        |       |       |     1 |       ||     1
       Paralysed         |       |       |     1 |       ||     1
       Distracted        |       |       |       |     1 ||     1
  Eat: Chunk             |     5 |     7 |    18 |    11 ||    41
Armor: Skin              |     8 |    12 |    33 |    12 ||    65
Dodge: Dodged            |    22 |    39 |   135 |   106 ||   302

Table legend:
 A = Non-vault XP
 B = Vault XP
 C = Vault XP percentage of total XP
 D = Non-vault monster count
 E = Vault monster count
 F = Vault count percentage of total count
                 A         B        C        D         E       F
            +---------+---------+-------+---------+---------+-------
      Total |    5178 |    1831 |  26.1 |     196 |      20 |   9.3
            +---------+---------+-------+---------+---------+-------
        D:1 |      28 |       0 |   0.0 |      15 |       0 |   0.0
        D:2 |      46 |      41 |  47.1 |      18 |       5 |  21.7
        D:3 |     109 |       0 |   0.0 |      30 |       0 |   0.0
        D:4 |     365 |     256 |  41.2 |      21 |       2 |   8.7
        D:5 |     775 |       3 |   0.4 |      23 |       1 |   4.2
        D:6 |     873 |    1531 |  63.7 |      22 |      12 |  35.3
        D:7 |    2444 |       0 |   0.0 |      55 |       0 |   0.0
        D:8 |     538 |       0 |   0.0 |      12 |       0 |   0.0
            +---------+---------+-------+---------+---------+-------
